 Dungeon Crawl Stone Soup version 0.29-a0-459-g97dee8cd24 (webtiles) character file.

Game seed: 2885702760658297841

823 croobank the Caller (level 7, -1/51 HPs)
             Began as a Gnoll Summoner on May 20, 2022.
             Slain by a killer bee (5 damage)
             ... on level 5 of the Dungeon.
             The game lasted 00:21:36 (5830 turns).

croobank the Caller (Gnoll Summoner)                Turns: 5830, Time: 00:21:38

Health: -1/51      AC:  2    Str:  7    XL:     7   Next: 96%
Magic:  4/15       EV: 13    Int: 17    God:
Gold:   139        SH:  0    Dex: 12    Spells: 4/17 levels left

rFire   . . .      SeeInvis .   C - +3 dagger
rCold   . . .      Faith    .   (no shield)
rNeg    . . .      Spirit   .   a - +0 robe
rPois   .          Reflect  .   (no helmet)
rElec   .          Harm     .   (no cloak)
rCorr   .          Rampage  .   (no gloves)
Will    +....                   (no boots)
Stlth   +++.......              (no amulet)
HPRegen 0.17/turn               f - ring of willpower
MPRegen 0.14/turn               (no ring)

@: mighty
A: fangs 1, strong nose, distributed training
a: no special abilities


You were on level 5 of the Dungeon.
You visited 1 branch of the dungeon, and saw 5 of its levels.

You collected 139 gold pieces.

Inventory:

Hand Weapons
 b - a +2 hunting sling of freezing
 g - a +2 quarterstaff
 o - a +0 falchion
 y - a +0 war axe
 C - a +3 dagger (weapon)
 F - a +0 morningstar
Missiles
 k - 152 stones
 n - 3 javelins
 B - 3 poisoned darts
Armour
 a - a +0 robe (worn)
 c - a +0 chain mail
 p - a +0 leather armour
 q - a +0 buckler
 t - a +0 ring mail
Magical Staves
 m - a staff of air
Jewellery
 f - a ring of willpower (left hand)
 u - a ring of ice
 w - a ring of fire
Wands
 h - a wand of acid (3)
 A - a wand of iceblast (7)
Scrolls
 s - a scroll of fog
 x - a scroll of vulnerability
Potions
 i - a potion of brilliance
 j - a potion of flight
 r - a potion of mutation {unknown}
 z - a potion of magic
 D - a potion of cancellation {unknown}


   Skills:
 + Level 2.8 Fighting
 + Level 2.8 Short Blades
 + Level 2.8 Long Blades
 + Level 2.8 Axes
 + Level 2.8 Maces & Flails
 + Level 2.8 Polearms
 + Level 2.8 Staves
 + Level 2.8 Slings
 + Level 2.8 Bows
 + Level 2.8 Crossbows
 + Level 2.8 Throwing
 + Level 2.8 Armour
 + Level 5.4 Dodging
 + Level 5.1 Stealth
 + Level 2.8 Shields
 + Level 2.8 Unarmed Combat
 + Level 5.8 Spellcasting
 + Level 2.3 Conjurations
 + Level 2.3 Hexes
 + Level 7.5 Summonings
 + Level 2.3 Necromancy
 + Level 2.3 Translocations
 + Level 2.3 Transmutations
 + Level 2.3 Fire Magic
 + Level 2.3 Ice Magic
 + Level 2.3 Air Magic
 + Level 2.3 Earth Magic
 + Level 2.3 Poison Magic
 + Level 3.1 Invocations
 + Level 2.8 Evocations


You had 4 spell levels left.
You knew the following spells:

 Your Spells              Type           Power      Damage    Failure   Level
a - Summon Small Mammal   Summ           100%       N/A       1%          1
b - Call Imp              Summ           30%        N/A       1%          2
c - Call Canine Familiar  Summ           30%        N/A       1%          3
d - Summon Guardian Gole  Hex/Summ       21%        N/A       5%          3
e - Summon Lightning Spi  Summ/Air       21%        N/A       17%         4

Your spell library contained the following spells:

 Spells                   Type           Power      Damage    Failure   Level
 Orb of Destruction       Conj           6%         9d6       100%        7
 Spellforged Servitor     Conj/Summ      10%        N/A       100%        7


Dungeon Overview and Level Annotations

Branches:
Dungeon (5/15)             Temple (0/1) D:5

Altars:
Dithmenos
Okawaru
Yredelemnul


Innate Abilities, Weirdness & Mutations

You have very sharp teeth.
Your uncanny sense of smell can sniff out nearby items.
Your experience applies equally to all skills.


Message History

You feel better.
The killer bee stings your guardian golem.
The killer bee stings you but does no damage.
The killer bee stings your guardian golem but does no damage.
The phantom hits you.
* * * LOW HITPOINT WARNING * * *
The phantom blinks!
You blink.
Your guardian golem overheats!
You feel very mighty all of a sudden. Flame seeps out of your guardian golem.
The killer bee stings your guardian golem.
Flame seeps out of your guardian golem. The phantom completely misses you.
The quokka twitches its whiskers.
The killer bee stings your guardian golem!
Flame seeps out of your guardian golem.
The killer bee barely misses your guardian golem.
The killer bee stings you.
* * * LOW HITPOINT WARNING * * *
Your guardian golem is engulfed in blazing flames.
Flame seeps out of your guardian golem.
You hit the phantom.
The phantom is severely damaged.
Flame seeps out of your guardian golem.
The killer bee stings your guardian golem but does no damage.
The killer bee stings you.
* * * LOW HITPOINT WARNING * * *
The killer bee stings your guardian golem.
Flame seeps out of your guardian golem.
The phantom hits you but does no damage.
The quokka bites you.
* * * LOW HITPOINT WARNING * * *
Your guardian golem is engulfed in blazing flames.
Your guardian golem disappears in a puff of smoke!
Your guardian golem explodes!
The fiery explosion engulfs the killer bee!!
The killer bee dies!
The fiery explosion engulfs the killer bee!!
The killer bee dies!
The killer bee stings you.
You die...

.....y...........##..###......
#..............#.#.>## #......
##......5......#.....#####....
...............#....#.....<#..
..........#5§§.#..........[##)
#.........#.§○§..............[
............§§........<.......
##...ryy#.####....#....
##...@....##.....##...
+..#W....#####.#.....
+.#.......# #.##....
#.........# ........
...........##........
............##........
............. ...
.##.....#.....


You could see a phantom, 2 killer bees, a quokka and a friendly crimson imp
(summoned, sheltered, poisoned).

Vanquished Creatures
  Grinder (D:4)
  A hound (D:4)
  An iguana (D:5)
  Natasha (D:4)
  An orc (D:5)
  6 ball pythons
  A bat (D:2)
  3 endoplasms
  3 giant cockroaches
  5 goblins
  9 hobgoblins
  A jackal (D:3)
  3 frilled lizards
  A kobold (D:2)
  3 rats
40 creatures vanquished.

Vanquished Creatures (collateral kills)
  A phantom (D:4)
  Blork the orc (D:4)
  A scorpion (D:4)
  2 hounds (D:5)
  A gnoll shaman (D:5)
  An orc priest (D:3)
  Natasha (twice) (D:4)
  2 gnolls (D:5)
  5 adders
  2 worms
  4 orcs
  4 endoplasms
  7 goblins
  6 hobgoblins
  4 jackals
  3 quokkas
  5 ball pythons
  5 bats
  A frilled lizard (D:3)
  7 kobolds
  5 rats
69 creatures vanquished.

Vanquished Creatures (others)
  2 killer bees (D:5)
2 creatures vanquished.

Grand Total: 111 creatures vanquished

Notes
Turn   | Place    | Note
-------+----------+-------------------------------------------
     0 | D:1      | croobank the Gnoll Summoner began the quest for the Orb.
     0 | D:1      | Reached XP level 1. HP: 13/13 MP: 6/6
   274 | D:1      | Reached XP level 2. HP: 17/19 MP: 5/7
   277 | D:1      | Learned a level 2 spell: Call Imp
   617 | D:1      | Found a faded altar of an unknown god.
  1306 | D:2      | Reached XP level 3. HP: 25/25 MP: 5/9
  1392 | D:2      | Reached skill level 5 in Spellcasting
  1775 | D:2      | Reached skill level 1 in Invocations
  1998 | D:2      | Reached skill level 1 in Fighting
  1998 | D:2      | Reached skill level 1 in Short Blades
  1998 | D:2      | Reached skill level 1 in Long Blades
  1998 | D:2      | Reached skill level 1 in Axes
  1998 | D:2      | Reached skill level 1 in Maces & Flails
  1998 | D:2      | Reached skill level 1 in Polearms
  1998 | D:2      | Reached skill level 1 in Staves
  1998 | D:2      | Reached skill level 1 in Slings
  1998 | D:2      | Reached skill level 1 in Bows
  1998 | D:2      | Reached skill level 1 in Crossbows
  1998 | D:2      | Reached skill level 1 in Throwing
  1998 | D:2      | Reached skill level 1 in Armour
  1998 | D:2      | Reached skill level 1 in Shields
  1998 | D:2      | Reached skill level 1 in Unarmed Combat
  1998 | D:2      | Reached skill level 1 in Evocations
  2246 | D:2      | Reached XP level 4. HP: 13/32 MP: 7/11
  2889 | D:2      | Found an iron altar of Okawaru.
  2961 | D:3      | Learned a level 3 spell: Call Canine Familiar
  2965 | D:3      | Learned a level 3 spell: Summon Guardian Golem
  3181 | D:3      | Reached skill level 1 in Conjurations
  3181 | D:3      | Reached skill level 1 in Hexes
  3181 | D:3      | Reached skill level 1 in Necromancy
  3181 | D:3      | Reached skill level 1 in Translocations
  3181 | D:3      | Reached skill level 1 in Transmutations
  3181 | D:3      | Reached skill level 1 in Fire Magic
  3181 | D:3      | Reached skill level 1 in Ice Magic
  3181 | D:3      | Reached skill level 1 in Air Magic
  3181 | D:3      | Reached skill level 1 in Earth Magic
  3181 | D:3      | Reached skill level 1 in Poison Magic
  3349 | D:3      | Reached XP level 5. HP: 37/37 MP: 8/12
  4342 | D:4      | Noticed Natasha
  4351 | D:4      | Killed Natasha
  4499 | D:4      | Found a shadowy altar of Dithmenos.
  4611 | D:4      | Noticed Natasha
  4627 | D:4      | Killed Natasha
  4635 | D:4      | Reached XP level 6. HP: 44/44 MP: 5/13
  4660 | D:4      | Found a basalt altar of Yredelemnul.
  4736 | D:4      | Noticed Blork the orc
  4737 | D:4      | Reached skill level 5 in Dodging
  4743 | D:4      | Killed Blork the orc
  4744 | D:4      | Reached XP level 7. HP: 36/50 MP: 0/15
  4779 | D:4      | Noticed Natasha
  4794 | D:4      | Killed Natasha
  4932 | D:4      | Noticed Grinder
  4940 | D:4      | Learned a level 4 spell: Summon Lightning Spire
  4998 | D:4      | Killed Grinder
  5154 | D:4      | Reached skill level 5 in Stealth
  5467 | D:5      | Entered Level 5 of the Dungeon
  5722 | D:5      | Found a staircase to the Ecumenical Temple.
  5827 | D:5      | HP: 2/51 [killer bee (8)]
  5830 | D:5      | Slain by a killer bee

Illustrated notes

Levels and vault maps discovered:
D:1:      lemuel_arrival_muddy, layout_basic, basic_ecumenical_altar
D:2:      wad_crossroads, layout_loops_corners, basic_altar, minmay_circled_x
D:3:      kb_forest_paths, layout_basic, fountainhead
D:4:      layout_loops_ring, mainiacjoe_overflow_six_doors_small,
          nicolae_dithmenos_shadow_blocks, uniq_natasha, uniq_blork_the_orc,
          uniq_grinder
D:5:      layout_cave_pools, minmay_temple_entry_tees, serial_gnoll_camp,
          gnoll_camp_mini_hut, gnoll_camp_medium_01, gnoll_camp_mini_basic,
          gnoll_camp_huts_basic, gnoll_camp_mini_hut, gnoll_camp_mini_doghouse,
          nicolae_concentric_dashed_squares_mild, uniq_eustachio

Skill      XL: |  1  2  3  4  5  6  7 |
---------------+----------------------+-----
Spellcasting   | 5 |  5.8
Invocations    | 1 2 3 |  3.1
Fighting       | 1 2 |  2.8
Short Blades   | 1 2 |  2.8
Long Blades    | 1 2 |  2.8
Axes           | 1 2 |  2.8
Maces & Flails | 1 2 |  2.8
Polearms       | 1 2 |  2.8
Staves         | 1 2 |  2.8
Slings         | 1 2 |  2.8
Bows           | 1 2 |  2.8
Crossbows      | 1 2 |  2.8
Throwing       | 1 2 |  2.8
Armour         | 1 2 |  2.8
Shields        | 1 2 |  2.8
Unarmed Combat | 1 2 |  2.8
Evocations     | 1 2 |  2.8
Conjurations   | 1 2 |  2.3
Hexes          | 1 2 |  2.3
Necromancy     | 1 2 |  2.3
Translocations | 1 2 |  2.3
Transmutations | 1 2 |  2.3
Fire Magic     | 1 2 |  2.3
Ice Magic      | 1 2 |  2.3
Air Magic      | 1 2 |  2.3
Earth Magic    | 1 2 |  2.3
Poison Magic   | 1 2 |  2.3
Dodging        | 5 |  5.4
Stealth        | 5 |  5.1
Summonings     | |  7.5

Action                   |  1- 3 |  4- 6 |  7- 9 || total
-------------------------+-------+-------+-------++-------
Melee: Quarterstaff      |    36 |    46 |    26 ||   108
       Bite              |     2 |     3 |     2 ||     7
       Dagger            |       |       |     3 ||     3
 Cast: Summon Small Mamm |    49 |    36 |    15 ||   100
       Call Imp          |    14 |    10 |     6 ||    30
       Call Canine Famil |       |    10 |     4 ||    14
       Summon Guardian G |       |     4 |     4 ||     8
       Summon Lightning  |       |       |     1 ||     1
Evoke: Wand              |       |     1 |       ||     1
  Use: Scroll            |     4 |     9 |     4 ||    17
       Potion            |       |       |     5 ||     5
 Stab: Sleeping          |     3 |     7 |       ||    10
       Distracted        |     1 |       |     2 ||     3
Armor: Robe              |     7 |     8 |     6 ||    21
Dodge: Dodged            |    32 |    49 |    30 ||   111

Table legend: (Time is in decaauts)
 A = Elapsed time spent in this place.
 B = Non-inter-level travel time spent in this place.
 C = Inter-level travel time spent in this place.
 D = Time resting spent in this place.
 E = Time spent auto-exploring this place.
 F = Levels seen in this place.
 G = Mean time per level.
                   A        B        C        D        E       F      G
               +--------+--------+--------+--------+--------+-----+--------+
         Total |   5854 |   5695 |    159 |    380 |   4021 |   5 | 1170.8 |
       Dungeon |   5854 |   5695 |    159 |    380 |   4021 |   5 | 1170.8 |
               +--------+--------+--------+--------+--------+-----+--------+

Top non-repeatable levels by time:
     D:2: 1801 daAuts
     D:3: 1286 daAuts
     D:4: 1235 daAuts
     D:1: 1166 daAuts
     D:5: 364 daAuts
